 Dungeon Crawl Stone Soup version 0.31-a0-851-g7ff8af7976 (webtiles) character file.

Game seed: 591074925187753183

175 Isana the Poker (level 5, -1/42 HPs)
             Began as a Human Berserker on Oct 6, 2023.
             Was a Follower of Trog.
             Slain by a black bear (7 damage)
             ... on level 4 of the Dungeon.
             The game lasted 00:12:43 (2930 turns).

Isana the Poker (Human Berserker)                   Turns: 2930, Time: 00:12:43

Health: -1/42      AC:  9    Str: 19    XL:     5   Next: 85%
Magic:  5/5        EV:  8    Int:  8    God:    Trog [*.....]
Gold:   271        SH:  0    Dex: 12    Spells: 4/4 levels left

rFire   . . .        a - +0 spear
rCold   + . .        (no shield)
rNeg    . . .        d - +0 chain mail
rPois   .            (no helmet)
rElec   .            (no cloak)
rCorr   .            (no gloves)
SInv    .            (no boots)
Will    .....        (no amulet) Stlth
                     e - ring of protection from cold
HPRegen 0.27/turn    (no ring)
MPRegen 0.09/turn

%: no passive effects
@: on berserk cooldown, slowed, very slow
A: no striking features
a: Renounce Religion, Berserk


You were on level 4 of the Dungeon.
You worshipped Trog.
Trog was aware of your devotion.
You visited 1 branch of the dungeon, and saw 4 of its levels.

You collected 271 gold pieces.

Inventory:

Hand Weapons
 a - a +0 spear (weapon)
 v - a +2 short sword of electrocution
 w - a +2 vampiric falchion
Missiles
 q - 4 javelins
Armour
 d - a +0 chain mail (worn)
Jewellery
 e - a ring of protection from cold (left hand)
Wands
 o - a wand of charming (11)
Scrolls
 c - a scroll of poison {unknown}
 f - a scroll of enchant weapon {unknown}
 g - 2 scrolls of identify {unknown}
 j - 4 scrolls of vulnerability {unknown}
 l - a scroll of fear {unknown}
 p - a scroll of noise {unknown}
 r - a scroll of immolation {unknown}
 s - a scroll of silence {unknown}
 t - a scroll of teleportation {unknown}
 u - a scroll of enchant armour {unknown}
Potions
 b - a potion of heal wounds {unknown}
 h - a potion of berserk rage {unknown}
 k - 2 potions of resistance {unknown}
 m - a potion of lignification {unknown}
 n - a potion of haste {unknown}


   Skills:
 + Level 4.1 Fighting
 + Level 4.2 Polearms
 + Level 3.1 Armour
 + Level 2.4 Dodging
 + Level 0.3 Stealth


You had 4 spell levels left.
You didn't know any spells.
Your spell library contained the following spells:

 Spells                   Type           Power      Damage    Failure   Level
 Apportation              Tloc           0%         N/A       98%         1
 Freeze                   Ice            0%         1d3       98%         1
 Jinxbite                 Hex            0%         N/A       99%         2
 Frozen Ramparts          Ice            0%         1d1       100%        3
 Hailstorm                Conj/Ice       0%         3d3       100%        3
 Alistair's Intoxication  Tmut/Pois      0%         N/A       100%        5


Dungeon Overview and Level Annotations

Branches:
Dungeon (4/15)
 Temple: D:4-7

Altars:
Wu Jian


Message History

The black bear barely misses you. The black bear bites you.
The black bear claws you but does no damage.
The black bear barely misses you.
You hit the black bear.
The black bear is moderately wounded.
The black bear bites you but does no damage.
The black bear claws you.
The black bear claws you but does no damage.
Okay, then.
You hit the black bear.
The black bear is heavily wounded.
The jackal bites you but does no damage.
The black bear bites you.
* * * LOW HITPOINT WARNING * * *
The black bear barely misses you. The black bear claws you.
* * * LOW HITPOINT WARNING * * *
The jackal bites you but does no damage.
Okay, then.
You hit the black bear but do no damage.
The black bear is heavily wounded.
The jackal bites you but does no damage.
The black bear closely misses you.
The black bear claws you but does no damage. x2
The jackal bites you but does no damage.
The black bear bites you.
* * * LOW HITPOINT WARNING * * *
The black bear closely misses you. x2
You hit the black bear.
The black bear is heavily wounded.
The jackal barely misses you.
The black bear bites you but does no damage.
The black bear claws you but does no damage. x2
The jackal bites you.
* * * LOW HITPOINT WARNING * * *
Okay, then.
You closely miss the black bear.
The black bear is heavily wounded.
The jackal bites you but does no damage.
The black bear bites you!
You die...

#. . .# #.# .##
.#. =..# .# # ..
... ...# .. ..
#.##.. ..... ..
...#....##....# ..
............... .#
#...hh.#.#... #.
#.@.......
####.##.)...##..
#......#........ #
###.##.#)#...>....
#.
......†...).......
#.##
....#..†.....####.
.##... ##.
#..#<##.## ......
#.....#.##.# #
##......##.## ####


You could see a black bear and a jackal.

Vanquished Creatures
  An ogre (D:4)
  An orc wizard (D:4)
  An adder (D:2)
  2 worms
  A dart slug (D:1)
  6 orcs
  3 endoplasms
  2 giant cockroaches
  3 goblins
  4 hobgoblins
  5 jackals
  3 quokkas (D:1)
  A ball python (D:2)
  2 bats
  3 frilled lizards
  3 kobolds
  3 rats
44 creatures vanquished.

Notes
Turn   | Place    | Note
-------+----------+-------------------------------------------
     0 | D:1      | Isana the Human Berserker began the quest for the Orb.
     0 | D:1      | Reached XP level 1. HP: 18/18 MP: 1/1
   252 | D:1      | Reached XP level 2. HP: 22/24 MP: 2/2
  1183 | D:2      | Reached XP level 3. HP: 24/29 MP: 3/3
  1312 | D:2      | Found an ornate altar of the Wu Jian Council.
  2546 | D:4      | Reached XP level 4. HP: 37/37 MP: 4/4
  2895 | D:4      | Noticed an ogre
  2905 | D:4      | Killed an ogre
  2906 | D:4      | Reached XP level 5. HP: 31/42 MP: 5/5
  2920 | D:4      | Noticed a black bear
  2930 | D:4      | Slain by a black bear

Illustrated notes

Levels and vault maps discovered:
D:1:      eino_arrival_cavern_a, layout_basic, serial_rivers,
          chequers_serial_rivers_large_a, chequers_serial_rivers_micro_c,
          chequers_serial_rivers_small_b, chequers_serial_rivers_small_a
D:2:      layout_loops_corners, basic_altar
D:3:      layout_rooms, grunt_decor_fettered
D:4:      layout_loops_cross, minmay_temple_entry_ruins

Skill      XL: |  1  2  3  4 |
---------------+-------------+-----
Fighting       | 4 |  4.1
Polearms       | 4 |  4.2
Armour         | 3 |  3.1
Dodging        | |  2.4
Stealth        | |  0.3

Action                     |  1- 3 |  4- 6 || total
---------------------------+-------+-------++-------
  Melee: Spear             |   114 |    53 ||   167
         Punch             |       |     1 ||     1
 Invoke: Berserk           |     3 |     3 ||     6
 Armour: Animal skin       |    30 |       ||    30
         Chain mail        |    45 |    71 ||   116
  Dodge: Dodged            |    78 |    38 ||   116

Table legend: (Time is in decaauts)
 A = Elapsed time spent in this place.
 B = Non-inter-level travel time spent in this place.
 C = Inter-level travel time spent in this place.
 D = Time resting spent in this place.
 E = Time spent auto-exploring this place.
 F = Levels seen in this place.
 G = Mean time per level.
                   A        B        C        D        E       F      G
               +--------+--------+--------+--------+--------+-----+--------+
         Total |   2990 |    663 |   2327 |      0 |      0 |   4 |  747.5 |
       Dungeon |   2990 |    663 |   2327 |      0 |      0 |   4 |  747.5 |
               +--------+--------+--------+--------+--------+-----+--------+

Top non-repeatable levels by time:
     D:2: 1064 daAuts
     D:1: 997 daAuts
     D:3: 636 daAuts
     D:4: 291 daAuts
